AoeStats
← Dengalenga

Arena

509465040Analyzed
4v4 RM · 7d ago on Sep 26, 2026· 39m 57s· 8 players
Game mode
Random Map
Map size
Large (8 player)
Population
200
Speed
Normal
Resources
Standard
Victory
Conquest
Starting age
Dark Age
Ending age
Imperial Age
RankedLock teamsTeams togetherTeam positionsShared explorationLock speedFull tech treeHidden civsTurbo modeCheats
Victory
Defeat
🇨🇴 Turks · Colombia
1313
+14
1292
+15
🇲🇽 Poles · Mexico
1284
+15
🇦🇷 Gurjaras · Argentina
1273
+15
🇵🇹 Khmer · Portugal
1348
-18
🇷🇺 Tupi · Russia
1259
-15
🇲🇿 Romans · Mozambique
1249
-14
🇲🇿 Italians · Mozambique
1187
-12
boomer2000
11:10 Feudal Age
15:00 Castle Age
13:38 Double-Bit Axe
13:36 Horse Collar
16:27 Bow Saw
23:08 Wheelbarrow
22:34 Heavy Plow
23:02 Loom
24:53 Stone Mining
24:55 Gold Mining
28:20 Imperial Age
26:58 Hand Cart
27:58 Fletching
28:08 Padded Archer Armor
29:29 Gold Shaft Mining
28:54 Bodkin Arrow
29:10 Forging
28:21 Champi Runner
29:02 Squires
28:49 Arson
28:28 Elite Blackwood Archer
29:06 Champi Warrior
30:03 Leather Archer Armor
30:11 Ballistics
30:27 Caravan
30:30 Elite Champi Warrior
31:25 Bracer
31:55 Scale Mail Armor
32:31 Iron Casting
32:52 Pikeman
33:33 Elite Skirmisher
Dengalenga
10:34 Feudal Age
14:31 Castle Age
12:59 Gold Mining
12:57 Double-Bit Axe
13:38 Loom
13:38 Town Watch
15:36 Bow Saw
32:53 Wheelbarrow
33:53 Gold Shaft Mining
36:08 Imperial Age
35:16 Scale Mail Armor
35:28 Forging
35:48 Fortified Wall
35:47 Stone Mining
35:39 Horse Collar
36:36 Heavy Scorpion
37:55 Conscription
39:33 Chemistry
39:01 Chain Mail Armor
39:22 Iron Casting
38:11 Pikeman
38:51 Squires
39:10 Halberdier
Ociru3
11:04 Feudal Age
9:20 Loom
15:15 Castle Age
15:10 Stone Mining
15:06 Double-Bit Axe
15:02 Horse Collar
19:18 Fletching
19:49 Bow Saw
20:00 Bow Saw
23:53 Wheelbarrow
24:07 Gold Mining
24:48 Scale Barding Armor
24:55 Bloodlines
24:46 Husbandry
26:46 Chain Barding Armor
26:56 Forging
28:28 Husbandry
Ora Viva
11:10 Feudal Age
14:26 Castle Age
12:30 Double-Bit Axe
12:26 Horse Collar
14:04 Gold Mining
15:23 Bow Saw
18:49 Gold Mining
19:54 Wheelbarrow
22:46 Hand Cart
24:39 Loom
29:03 Imperial Age
26:47 Forging
26:37 Scale Mail Armor
27:00 Stone Mining
27:46 Gold Shaft Mining
27:13 Heavy Plow
28:37 Iron Casting
28:48 Stone Shaft Mining
28:11 Light Cavalry
29:01 Bloodlines
28:52 Husbandry
29:18 Chain Mail Armor
29:47 Scale Barding Armor
30:47 Crop Rotation
29:47 Pikeman
32:01 Blast Furnace
30:43 Halberdier
31:40 Capped Ram
32:54 Siege Ram
33:57 Conscription
35:48 Double Crossbow
36:38 Ballistics
37:18 Chemistry
37:31 Arson
37:54 Elite Ballista Elephant
SantiGz
10:27 Loom
12:12 Feudal Age
13:03 Horse Collar
15:45 Castle Age
20:05 Imperial Age
21:54 Padded Archer Armor
26:09 Gold Mining
32:30 Leather Archer Armor
32:36 Loom
PkMn-
0:26 Loom
11:38 Feudal Age
15:55 Castle Age
13:49 Double-Bit Axe
15:11 Horse Collar
18:07 Heavy Plow
28:46 Wheelbarrow
35:20 Hand Cart
37:42 Imperial Age
39:05 Conscription
39:49 Bow Saw
[WWW - KT] Er MaRdiTho!
9:53 Feudal Age
13:43 Castle Age
11:47 Double-Bit Axe
12:37 Horse Collar
14:36 Bow Saw
21:30 Gold Mining
21:43 Heavy Plow
22:28 Wheelbarrow
28:11 Imperial Age
26:32 Gold Shaft Mining
26:26 Scale Barding Armor
26:32 Forging
26:51 Hand Cart
26:29 Loom
26:56 Stone Mining
27:33 Chain Barding Armor
27:52 Town Watch
28:47 Iron Casting
28:26 Bloodlines
28:36 Husbandry
29:32 Plate Barding Armor
28:21 Heavy Camel Rider
30:50 Blast Furnace
31:09 Imperial Camel Rider
35:34 Two-Man Saw
36:43 Fletching
37:06 Masonry
37:02 Siege Engineers
37:18 Ballistics
38:03 Town Patrol
RorrO Señor Feudal
11:41 Feudal Age
12:15 Double-Bit Axe
12:11 Horse Collar
15:17 Castle Age
16:19 Bow Saw
16:11 Heavy Plow
22:46 Wheelbarrow
24:29 Redemption
26:13 Redemption
25:59 Fletching
25:52 Treadmill Crane
26:22 Masonry
26:37 Hand Cart
26:09 Loom
26:15 Gold Mining
26:56 Bodkin Arrow
26:59 Murder Holes
28:04 Ballistics
28:34 Town Watch
31:38 Imperial Age
30:02 Gold Shaft Mining
29:19 Stone Mining
30:19 Padded Archer Armor
31:08 Thumb Ring
31:09 Kshatriyas
31:21 Leather Archer Armor
32:22 Bracer
31:55 Elite Elephant Archer
32:39 Husbandry
32:50 Bloodlines
33:17 Coinage
33:34 Crop Rotation
33:35 Conscription
34:23 Hoardings
34:30 Banking
35:23 Town Patrol
35:57 Architecture
37:25 Frontier Guards
38:57 Chemistry
Connection lost

Rejoining the realm…

Still unreachable

The connection could not be restored.

Session expired

The server has moved on; the page needs a fresh start.